 Dungeon Crawl Stone Soup version 0.17-a0-1900-g45e8110 (webtiles) character file.

65 Warmonger the Skirmisher (level 4, -1/41 HPs)
             Began as a Hill Orc Fighter on Sept 24, 2015.
             Killed from afar by an orc wizard (6 damage)
             ... with a magic dart
             ... on level 3 of the Dungeon.
             The game lasted 00:11:27 (1329 turns).

Warmonger the Skirmisher (Hill Orc Fighter)         Turns: 1329, Time: 00:11:27

Health: -1/41      AC:  7    Str: 19    XL:     4   Next: 14%
Magic:  1/1        EV:  7    Int:  8    God:
Gold:   108        SH:  9    Dex: 10    Spells: 0 memorised, 3 levels left

rFire  . . .     SeeInvis .     n - +0 short sword (antimagic)
rCold  . . .     Clarity  .     b - +0 scale mail
rNeg   . . .     SustAt   .     c - +0 shield
rPois  .         Gourm    .     (no helmet)
rElec  .         Spirit   .     (no cloak)
rCorr  .         Warding  .     (no gloves)
rMut   .         Stasis   .     (no boots)
MR     .....                    (no amulet)
Stlth  ..........               (no ring)
                                (no ring)

@: not resistant to hostile enchantments, extremely unstealthy
A: no striking features
a: no special abilities


You were on level 3 of the Dungeon.
You were hungry.

You visited 1 branch of the dungeon, and saw 3 of its levels.

You collected 108 gold pieces.

Inventory:

Hand weapons
 a - a +0 war axe
 h - a +0 hand axe
 n - a +0 antimagic short sword (weapon)
Armour
 b - a +0 scale mail (worn)
 c - a +0 shield (worn)
Scrolls
 k - a scroll of remove curse {unknown}
 l - 2 scrolls of identify {unknown}
 o - a scroll of recharging {unknown}
Potions
 d - a potion of might
 f - a potion of invisibility {unknown}
 g - a potion of beneficial mutation {unknown}
 j - a potion of curing {unknown}
Comestibles
 e - 2 bread rations
 i - a meat ration


   Skills:
 + Level 4.5 Fighting
 + Level 3.4 Axes
 + Level 3.9 Armour
 + Level 3.7 Shields


You had 3 spell levels left.
You didn't know any spells.

Dungeon Overview and Level Annotations

Branches:
Dungeon (3/15)

Altars:
Ru
Zin


Message History

The orc wizard is moderately wounded.
You block the orc wizard's attack.
The orc wizard hits you but does no damage.
You closely miss the orc wizard.
The orc wizard is moderately wounded.
The orc wizard hits you but does no damage.
The orc wizard hits you with a dagger.
* * * LOW HITPOINT WARNING * * *
You miss the orc wizard.
The orc wizard is moderately wounded.
You block the orc wizard's attack.
The orc wizard hits you but does no damage.
The orc wizard hits you but does no damage.
You block the orc wizard's attack.
The orc wizard is no longer moving quickly.
The orc wizard hits you with a dagger.
* * * LOW HITPOINT WARNING * * *
The orc wizard gestures at you while chanting.
The magic dart hits you!
You die...

####.####..###..# #..##.#.#
.#.....)w..## ##.###..###.#.##
...##.###### #..w..# #.#..### !.#
#.# ## ####.## #.....%##
..###.##.## #....######..#†..
#...#[#...## #.##...# ##.####
.##.#.)....######.####.# #..#
....÷.............# #.######.###
...........####.@### #.#....#....
###..(............o###.......####
#....(......................# #
##.#.#[......[...#.###.......#
..(#....(........#...........####
####..##[###.....######..........
...........#.....# #>.....####
#####........##### #......# #
#.......## #......#


You could see an orc wizard.

Vanquished Creatures
  An ooze (D:2)
  10 orcs (D:3)
  4 bats
  2 giant cockroaches
  7 goblins
  7 hobgoblins
  6 kobolds
  2 ball pythons (D:3)
  A giant gecko (D:1)
  3 giant newts
  5 rats
  4 plants (D:1)
52 creatures vanquished.

Vanquished Creatures (others)
  20 toadstools (D:3)
20 creatures vanquished.

Grand Total: 72 creatures vanquished

Notes
Turn   | Place    | Note
--------------------------------------------------------------
     0 | D:1      | Warmonger the Hill Orc Fighter began the quest for the Orb.
     0 | D:1      | Reached XP level 1. HP: 19/19 MP: 1/1
   174 | D:1      | Reached XP level 2. HP: 27/27 MP: 2/2
   179 | D:1      | Reached skill level 4 in Fighting
   656 | D:2      | Reached XP level 3. HP: 33/33 MP: 3/3
   890 | D:2      | Found a glowing silver altar of Zin.
   890 | D:2      | Found a sacrificial altar of Ru.
  1163 | D:3      | Reached XP level 4. HP: 41/41 MP: 1/4
  1329 | D:3      | Killed from afar by an orc wizard

Vault maps used:
D:1:      lightli_arrival_farm, hex_medium, grunt_decor_one_mirror
D:2:      forest_paths, overflow_temple_1_default,
          gammafunk_temple_overflow_pools
D:3:      tgw_fedhas, first_bread

Action                   |  1- 3 |  4- 6 || total
-------------------------+-------+-------++-------
Melee: War axe           |   162 |       ||   162
       Short sword       |    12 |    35 ||    47
  Eat: Chunk             |     1 |       ||     1
